 Dungeon Crawl Stone Soup version 0.25-a0-294-gea9b1ad378 (webtiles) character file.

Game seed: 15711862990912031735, levelgen mode: classic

132 Borgoz the Slasher (level 4, -1/38 HPs)
             Began as a Minotaur Gladiator on Dec 18, 2019.
             Killed by divine providence
             ... invoked by an orc priest
              (10 damage)
             ... on level 3 of the Dungeon.
             The game lasted 00:02:12 (1934 turns).

Borgoz the Slasher (Minotaur Gladiator)             Turns: 1934, Time: 00:02:13

Health: -1/38      AC:  3    Str: 18    XL:     4   Next: 92%
Magic:  3/3        EV: 13    Int:  5    God:
Gold:   45         SH:  0    Dex: 13    Spells: 3/3 levels left

rFire    . . .     SeeInvis .   a - +0 long sword
rCold    . . .     Gourm    +   (no shield)
rNeg     . . .     Faith    .   b - +0 leather armour
rPois    .         Spirit   .   c - +0 hat
rElec    .         Reflect  .   (no cloak)
rCorr    .         Harm     .   (no gloves)
MR       .....                  (no boots)
Stlth    +.........             j - amulet of the gourmand
HPRegen  0.12/turn              (no ring)
MPRegen  0.08/turn              (no ring)

@: hasted, very quick
A: retaliatory headbutt, horns 2
a: no special abilities


You were on level 3 of the Dungeon.
You were completely stuffed.

You visited 1 branch of the dungeon, and saw 3 of its levels.

You collected 45 gold pieces.

Inventory:

Hand Weapons
 a - a +0 long sword (weapon)
Missiles
 d - 3 throwing nets (quivered)
Armour
 b - a +0 leather armour (worn)
 c - a +0 hat (worn)
Jewellery
 j - an amulet of the gourmand (around neck)
Wands
 o - a wand of polymorph (9)
Scrolls
 h - 3 scrolls of remove curse {unknown}
 i - a scroll of fear {unknown}
 k - a scroll of random uselessness {unknown}
 l - a scroll of identify {unknown}
 n - a scroll of noise {unknown}
Potions
 g - a potion of brilliance {unknown}
Comestibles
 f - 6 rations
 m - 4 chunks of flesh


   Skills:
 + Level 3.5 Fighting
 * Level 5.1 Long Blades
 - Level 2.0 Throwing
 + Level 2.3 Armour
 + Level 4.0 Dodging


You had 3 spell levels left.
You didn't know any spells.
Your spell library was empty.

Dungeon Overview and Level Annotations

Branches:
Dungeon (3/15)

Altars:
Hepliaklqana


Innate Abilities, Weirdness & Mutations

You reflexively headbutt those who attack you in melee.
You have a pair of horns on your head.


Message History

The orc priest calls down the wrath of Beogh upon you.
Beogh smites you!
Unknown command.
Okay, then.
It was a potion of haste.
You feel yourself speed up. The orc priest barely misses you.
You riposte.
You barely miss the orc priest.
The orc priest is moderately wounded.
The kobold hits you with a +0 whip.
* * * LOW HITPOINT WARNING * * *
The orc priest calls upon Beogh to heal the orc priest.
The orc priest's wounds heal themselves!
The orc priest closely misses you. The kobold hits you with a +0 whip.
* * * LOW HITPOINT WARNING * * *
The orc priest miscasts a cantrip.
The orc priest invokes the aid of Beogh against you.
You barely resist.
The orc priest calls down the wrath of Beogh upon you.
Beogh smites you!
You die...

......##o...##...#..#
##..............##.## .....
#....oo#g......###.#
......##..............##..#
.............K.......##.##
.......................#
....(...............#.## #..
......................# #..
#.#......@.........##.# #..
###.#................##.##
...###........................#
.#.#..).###......#.....#......#
##...#.## #....######......##.##
###†##>####.##.########.)......#
...÷.†......................####
...))<†...........###########
...††....########.##


You could see 2 orc priests, a gnoll and a kobold.

Vanquished Creatures
  3 adders
  An ooze (D:2)
  3 worms
  3 dart slugs (D:1)
  2 leopard geckos
  An orc (D:3)
  A ball python (D:1)
  5 bats
  A giant cockroach (D:2)
  6 hobgoblins
  17 jackals
  3 quokkas
  3 frilled lizards
  12 goblins
  6 kobolds
  10 rats
77 creatures vanquished.

Notes
Turn   | Place    | Note
-------+----------+-------------------------------------------
     0 | D:1      | Borgoz the Minotaur Gladiator began the quest for the Orb.
     0 | D:1      | Reached XP level 1. HP: 18/18 MP: 0/0
   110 | D:1      | Reached XP level 2. HP: 14/25 MP: 1/1
   112 | D:1      | Reached skill level 4 in Long Blades
   377 | D:1      | Reached skill level 1 in Armour
   738 | D:1      | Reached XP level 3. HP: 28/30 MP: 2/2
  1412 | D:2      | Found a hazy altar of Hepliaklqana.
  1444 | D:2      | Reached XP level 4. HP: 38/38 MP: 3/3
  1782 | D:3      | Reached skill level 5 in Long Blades
  1934 | D:3      | Killed from afar by an orc priest

Levels and vault maps discovered:
D:1:      evilmike_arrival_hilbert_curve, layout_loops_corners
D:2:      layout_basic, old_standard_altar
D:3:      layout_rooms, minitemple, first_ration

Skill      XL: |  1  2  3  4 |
---------------+-------------+-----
Long Blades    | 4 5 |  5.1
Armour         | 1 2 |  2.3
Fighting       | 3 |  3.5
Dodging        | 4 |  4.0
Throwing       | |  2.0

Action                   |  1- 3 |  4- 6 || total
-------------------------+-------+-------++-------
Melee: Long sword        |    70 |    51 ||   121
       Headbutt          |    19 |     7 ||    26
  Use: Potion            |       |     1 ||     1
  Eat: Chunk             |     6 |     9 ||    15
Armor: Leather armour    |    13 |    18 ||    31
Dodge: Dodged            |    40 |    55 ||    95
       Rpst.: Long sword |    12 |    20 ||    32

Table legend:
 A = Non-vault XP
 B = Vault XP
 C = Vault XP percentage of total XP
 D = Non-vault monster count
 E = Vault monster count
 F = Vault count percentage of total count
                 A         B        C        D         E       F
            +---------+---------+-------+---------+---------+-------
      Total |     189 |       0 |   0.0 |      77 |       0 |   0.0
            +---------+---------+-------+---------+---------+-------
        D:1 |      54 |       0 |   0.0 |      30 |       0 |   0.0
        D:2 |      77 |       0 |   0.0 |      24 |       0 |   0.0
        D:3 |      58 |       0 |   0.0 |      23 |       0 |   0.0
            +---------+---------+-------+---------+---------+-------
